[Event "EYCC Open-U16 2019"]
[Site "Bratislava"]
[Date "2019.08.04"]
[Round "3.42"]
[White "Mica, Marek"]
[Black "Ruchko, Denis"]
[Result "1/2-1/2"]
[ECO "D43"]
[WhiteElo "2222"]
[BlackElo "2002"]
[Annotator "NA"]
[PlyCount "85"]
[EventDate "2019.08.02"]
[EventType "swiss"]
[EventCountry "SVK"]
[SourceTitle "playchess.com"]
[Source "ChessBase"]
[SourceQuality "1"]
[TimeControl "40/5400+30:1800+30"]

1. d4 d5 2. c4 c6 3. Nc3 Nf6 4. Nf3 e6 5. Bg5 h6 6. Bh4 dxc4 7. e4 g5 8. Bg3 b5 9. Be2 b4 10. Na4 Nxe4 11. Bxc4 Nxg3 12. hxg3 Nd7 13. O-O Bg7 14. Qb3 Qe7 15. Rfe1 O-O 16. Rac1 Bb7 17. Nc5 Nxc5 18. Qxb4 Rfb8 19. Bb3 Ba6 20. Qxc5 Qxc5 21. Rxc5 Rb4 22. Rxc6 Bb7 23. Rc7 Bxf3 24. gxf3 Rxd4 25. Re2 Rb4 26. Rd2 Bd4 27. Rd7 Be5 28. Rd8+ Rxd8 29. Rxd8+ Kg7 30. Rd7 Kf6 31. Rxa7 Bxb2 32. Kg2 Rd4 33. Ba4 Ke5 34. Bb5 f6 35. Ra6 Rd6 36. a4 Rxa6 37. Bxa6 Bc3 38. Bc8 Kd5 39. Kh3 f5 40. g4 Ke5 41. Kg2 Ba5 42. Kf1 Bb6 43. Ke2 1/2-1/2

[Event "EYCC Open-U16 2019"]
[Site "Bratislava"]
[Date "2019.08.04"]
[Round "3.43"]
[White "Jirousek, Jan"]
[Black "Iliaguev, Daniel"]
[Result "0-1"]
[ECO "A48"]
[WhiteElo "1924"]
[BlackElo "2053"]
[Annotator "NA"]
[PlyCount "96"]
[EventDate "2019.08.02"]
[EventType "swiss"]
[EventCountry "SVK"]
[SourceTitle "playchess.com"]
[Source "ChessBase"]
[SourceQuality "1"]
[TimeControl "40/5400+30:1800+30"]

1. d4 Nf6 2. Nf3 g6 3. Nc3 d5 4. Bf4 Bg7 5. e3 O-O 6. Be2 c5 7. Ne5 Nc6 8. O-O Bf5 9. Nxc6 bxc6 10. dxc5 Nd7 11. Bd3 Bxd3 12. cxd3 e5 13. Bg3 Nxc5 14. Na4 Ne6 15. Rc1 Rc8 16. Nc5 Nxc5 17. Rxc5 f5 18. f3 Re8 19. Bf2 Bf8 20. Rc1 e4 21. fxe4 fxe4 22. d4 Qb6 23. b3 Bd6 24. Qd2 Qc7 25. h3 Qd7 26. Rfd1 Bb8 27. Kh1 Rf8 28. Bg1 Qd6 29. Rf1 h5 30. Rxf8+ Rxf8 31. Qe2 Bc7 32. Qc2 Rf6 33. Qc5 Qg3 34. Qc2 g5 35. Qe2 g4 36. Rf1 Rxf1 37. Qxf1 gxh3 38. gxh3 Qf3+ 39. Qxf3 exf3 40. Bf2 Kf7 41. Kg1 Ke6 42. Bh4 Kf5 43. Kf2 Ke4 44. Be7 Ba5 45. b4 Bc7 46. a4 a6 47. h4 Bh2 48. Bc5 Bg3+ 0-1

[Event "EYCC Open-U16 2019"]
[Site "Bratislava"]
[Date "2019.08.04"]
[Round "3.44"]
[White "Kasioumis, Vasilios"]
[Black "Dixa, Oskar"]
[Result "1-0"]
[ECO "B23"]
[WhiteElo "2015"]
[BlackElo "1973"]
[Annotator "NA"]
[PlyCount "55"]
[EventDate "2019.08.02"]
[EventType "swiss"]
[EventCountry "SVK"]
[SourceTitle "playchess.com"]
[Source "ChessBase"]
[SourceQuality "1"]
[TimeControl "40/5400+30:1800+30"]

1. e4 c5 2. Nc3 a6 3. Nge2 b5 4. d4 e6 5. d5 Bb7 6. g3 Nf6 7. Bg2 d6 8. O-O e5 9. b3 Nbd7 10. Nb1 Nb6 11. c4 Qd7 12. Nd2 Be7 13. Qc2 Qc7 14. Bb2 b4 15. Rae1 a5 16. f4 Nfd7 17. Nc1 a4 18. Nd3 a3 19. Bc1 Bf6 20. Nf3 h6 21. fxe5 dxe5 22. Be3 O-O 23. Qf2 Be7 24. Bh3 Ra5 25. Bf5 Bd6 26. Qd2 Nb8 27. Bxh6 Bc8 28. Bxg7 1-0

[Event "EYCC Open-U16 2019"]
[Site "Bratislava"]
[Date "2019.08.04"]
[Round "3.45"]
[White "Grutter, Tim"]
[Black "Antal, Jakub"]
[Result "1/2-1/2"]
[ECO "B36"]
[WhiteElo "2091"]
[BlackElo "1963"]
[Annotator "NA"]
[PlyCount "215"]
[EventDate "2019.08.02"]
[EventType "swiss"]
[EventCountry "SVK"]
[SourceTitle "playchess.com"]
[Source "ChessBase"]
[SourceQuality "1"]
[TimeControl "40/5400+30:1800+30"]

1. e4 c5 2. Nf3 Nc6 3. d4 cxd4 4. Nxd4 g6 5. c4 Nf6 6. Nc3 d6 7. Be2 Nxd4 8. Qxd4 Bg7 9. Be3 O-O 10. Qd2 a5 11. O-O a4 12. f3 Qa5 13. Rac1 Be6 14. Nd5 Qxd2 15. Nxe7+ Kh8 16. Bxd2 Rfe8 17. Nd5 Nxd5 18. cxd5 Bxd5 19. Bb5 Re5 20. Bc3 Bxa2 21. Bxe5 Bxe5 22. Rc2 Ra5 23. Bd3 b5 24. f4 Bd4+ 25. Kh1 Bb3 26. Rd2 Bf6 27. Bb1 b4 28. Rf3 Rc5 29. Kg1 a3 30. bxa3 Rc1+ 31. Rf1 Rxf1+ 32. Kxf1 bxa3 33. e5 dxe5 34. Ba2 Bxa2 35. Rxa2 exf4 36. Rxa3 Kg7 37. Kf2 Be5 38. Ra5 Bd6 39. Rd5 Bb8 40. Rd7 h6 41. Kf3 g5 42. h3 Kg6 43. Ke4 f6 44. Kd5 Be5 45. Ke6 Kh5 46. Kf5 Bc3 47. h4 g4 48. Rg7 f3 49. Rxg4 fxg2 50. Rxg2 Kxh4 51. Rh2+ Kg3 52. Rxh6 Be5 53. Ke4 Kf2 54. Rg6 Ba1 55. Rg8 Be5 56. Ra8 Kg3 57. Rd8 Ba1 58. Rd3+ Kf2 59. Rf3+ Kg2 60. Kf4 Be5+ 61. Kg4 Kh2 62. Rf2+ Kh1 63. Kf3 Kg1 64. Rd2 Kh1 65. Rg2 Bd4 66. Kg3 Bc3 67. Kh3 Be5 68. Rg4 Bh2 69. Rb4 f5 70. Rb1+ Bg1 71. Rf1 f4 72. Rxf4 Ba7 73. Ra4 Bb6 74. Rb4 Ba7 75. Kg3 Bc5 76. Rc4 Bb6 77. Rh4+ Kg1 78. Rb4 Bf2+ 79. Kf3 Bc5 80. Rg4+ Kh1 81. Rg2 Bb6 82. Kg3 Bc7+ 83. Kf2 Bb6+ 84. Kf1 Bc7 85. Rc2 Bd6 86. Rf2 Bg3 87. Rf7 Bd6 88. Kf2 Bc5+ 89. Kg3 Bd6+ 90. Kh3 Bc5 91. Rg7 Bd4 92. Rg2 Ba7 93. Rh2+ Kg1 94. Ra2 Bd4 95. Rd2 Bb6 96. Rd1+ Kf2 97. Rd6 Be3 98. Rf6+ Kg1 99. Re6 Bf2 100. Rd6 Kh1 101. Rh6 Be3 102. Rh7 Bc5 103. Rh5 Bb6 104. Kg3+ Kg1 105. Rb5 Bf2+ 106. Kh3 Kh1 107. Rb1+ Bg1 108. Ra1 1/2-1/2

[Event "EYCC Open-U16 2019"]
[Site "Bratislava"]
[Date "2019.08.04"]
[Round "3.46"]
[White "Viczencz, Peter"]
[Black "Magold, Victor"]
[Result "1-0"]
[ECO "B85"]
[WhiteElo "2014"]
[BlackElo "1962"]
[Annotator "NA"]
[PlyCount "95"]
[EventDate "2019.08.02"]
[EventType "swiss"]
[EventCountry "SVK"]
[SourceTitle "playchess.com"]
[Source "ChessBase"]
[SourceQuality "1"]
[TimeControl "40/5400+30:1800+30"]

1. e4 c5 2. Nf3 e6 3. d4 cxd4 4. Nxd4 Nf6 5. Nc3 Nc6 6. f4 d6 7. Be3 Qc7 8. Be2 a6 9. O-O Be7 10. a4 O-O 11. g4 Nd7 12. g5 Re8 13. Qe1 g6 14. Qh4 Bf8 15. Rf3 Bg7 16. Rd1 Nf8 17. Rh3 Nxd4 18. Bxd4 e5 19. f5 exd4 20. Nd5 Qd8 21. Bc4 b5 22. Bb3 bxa4 23. Bc4 h6 24. Nf6+ Bxf6 25. gxf6 Rxe4 26. fxg6 d5 27. Qxh6 Rg4+ 28. Kh1 Qxf6 29. gxf7+ Kxf7 30. Rf1 Bf5 31. Bxd5+ Ke7 32. Qxf6+ Kxf6 33. Bxa8 Ne6 34. Rhf3 Ng7 35. Rf4 Rxf4 36. Rxf4 Ke5 37. Rf2 Ne6 38. Kg2 Nc5 39. Kf3 Bg6 40. Kg4 Ne6 41. Re2+ Kf6 42. Be4 Bh5+ 43. Kxh5 Nf4+ 44. Kg4 Nxe2 45. Bd3 Nc1 46. Kf4 Na2 47. Ke4 Nb4 48. Kxd4 1-0

[Event "EYCC Open-U16 2019"]
[Site "Bratislava"]
[Date "2019.08.04"]
[Round "3.47"]
[White "Nagy, Ladislav"]
[Black "Maravic, Ivan"]
[Result "1/2-1/2"]
[ECO "C24"]
[WhiteElo "2061"]
[BlackElo "1934"]
[Annotator "NA"]
[PlyCount "83"]
[EventDate "2019.08.02"]
[EventType "swiss"]
[EventCountry "SVK"]
[SourceTitle "playchess.com"]
[Source "ChessBase"]
[SourceQuality "1"]
[TimeControl "40/5400+30:1800+30"]

1. e4 e5 2. Bc4 Nf6 3. d3 c6 4. Nf3 d5 5. Bb3 Qc7 6. Nc3 Be6 7. O-O Bd6 8. exd5 Nxd5 9. Ng5 Nxc3 10. Nxe6 Nxd1 11. Nxc7+ Bxc7 12. Rxd1 O-O 13. Be3 Nd7 14. d4 Nf6 15. d5 Nxd5 16. Bxd5 cxd5 17. Rxd5 a6 18. Rd7 Rac8 19. Rad1 Rfd8 20. Kf1 b6 21. Ke2 Rxd7 22. Rxd7 Kf8 23. c4 Ke8 24. Rd3 Ke7 25. Ra3 a5 26. Rb3 Rb8 27. Rb5 Kd6 28. a4 Kc6 29. Bd2 Rd8 30. h3 Rd4 31. b3 Rd8 32. Be3 Rb8 33. Kd3 f5 34. f3 Rd8+ 35. Kc2 Re8 36. Kc3 Re6 37. c5 bxc5 38. Rxc5+ Kd6 39. Kc4 Rg6 40. g4 fxg4 41. fxg4 Rf6 42. Rd5+ 1/2-1/2

[Event "EYCC Open-U16 2019"]
[Site "Bratislava"]
[Date "2019.08.04"]
[Round "3.48"]
[White "Velkovski, Kristijan"]
[Black "Ampelakiotis, Stavros"]
[Result "1-0"]
[ECO "B30"]
[WhiteElo "1953"]
[BlackElo "2080"]
[Annotator "NA"]
[PlyCount "71"]
[EventDate "2019.08.02"]
[EventType "swiss"]
[EventCountry "SVK"]
[SourceTitle "playchess.com"]
[Source "ChessBase"]
[SourceQuality "1"]
[TimeControl "40/5400+30:1800+30"]

1. e4 c5 2. Nf3 Nc6 3. Bb5 e6 4. Nc3 Nge7 5. d4 cxd4 6. Nxd4 Qc7 7. O-O a6 8. Bxc6 Nxc6 9. Nxc6 Qxc6 10. Qg4 b5 11. Re1 Bb7 12. Bf4 h5 13. Qg5 Qc5 14. Nd5 Bxd5 15. exd5 Bd6 16. Bxd6 Qxd6 17. dxe6 fxe6 18. Qg6+ Kf8 19. Rad1 Qe7 20. Re3 Rh6 21. Qe4 Rd8 22. Qb7 e5 23. Qd5 Re6 24. Rf3+ Kg8 25. Rf5 g6 26. Rxe5 Re8 27. Rxe6 Qxe6 28. Kf1 Rc8 29. c3 Rc6 30. Qxd7 Qc4+ 31. Qd3 Qe6 32. Qd8+ Kg7 33. Rd7+ Kh6 34. Qf8+ Kg5 35. h4+ Kxh4 36. Rd4+ 1-0

[Event "EYCC Open-U16 2019"]
[Site "Bratislava"]
[Date "2019.08.05"]
[Round "4.2"]
[White "De Boer, Eelke"]
[Black "Stefansson, Vignir Vatnar"]
[Result "1/2-1/2"]
[ECO "B33"]
[WhiteElo "2279"]
[BlackElo "2293"]
[Annotator "NA"]
[PlyCount "115"]
[EventDate "2019.08.02"]
[EventType "swiss"]
[EventCountry "SVK"]
[SourceTitle "playchess.com"]
[Source "ChessBase"]
[SourceQuality "1"]
[TimeControl "40/5400+30:1800+30"]

1. e4 c5 2. Nf3 Nc6 3. d4 cxd4 4. Nxd4 Nf6 5. Nc3 e5 6. Ndb5 d6 7. Bg5 a6 8. Na3 b5 9. Nd5 Be7 10. Bxf6 Bxf6 11. c3 O-O 12. Nc2 Rb8 13. h4 g6 14. g3 Bg7 15. h5 Be6 16. Bh3 Bxd5 17. Qxd5 Ne7 18. Qb3 Qb6 19. Rd1 a5 20. Ne3 b4 21. Nc4 Qc6 22. Ne3 bxc3 23. Qxc3 Qxe4 24. O-O Qa4 25. Qc7 Bf6 26. Qxd6 Bg5 27. Qxe5 Rb5 28. Nd5 Nxd5 29. Bd7 Bf6 30. Qd6 Qb4 31. Qxb4 Rxb4 32. Rxd5 a4 33. Ra5 Rxb2 34. Rxa4 Rd8 35. Bg4 Kg7 36. hxg6 hxg6 37. Bd1 Rdd2 38. Bb3 Bd4 39. Rc4 Bxf2+ 40. Kg2 Bd4+ 41. Kf3 f5 42. g4 Kf6 43. gxf5 gxf5 44. Kf4 Be5+ 45. Ke3 Re2+ 46. Kf3 Rh2 47. Rc6+ Kg7 48. Ke3 Rh3+ 49. Rf3 f4+ 50. Ke4 Re2+ 51. Kd3 Rhh2 52. Rc2 Rxc2 53. Bxc2 Kf6 54. Bb3 Kf5 55. Bd5 Bc7 56. Rf1 Ke5 57. Rh1 Rxh1 58. Bxh1 1/2-1/2

[Event "EYCC Open-U16 2019"]
[Site "Bratislava"]
[Date "2019.08.05"]
[Round "4.5"]
[White "Van Dael, Siem"]
[Black "Kacharava, Nikolozi"]
[Result "1-0"]
[ECO "B90"]
[WhiteElo "2319"]
[BlackElo "2431"]
[Annotator "RC"]
[PlyCount "89"]
[EventDate "2019.08.02"]
[EventType "swiss"]
[EventCountry "SVK"]
[TimeControl "40/5400+30:1800+30"]

1. e4 c5 2. Nf3 d6 3. d4 cxd4 4. Nxd4 Nf6 5. Nc3 a6 6. Be3 e5 7. Nb3 Be6 8. f3 h5 9. Qd2 Nbd7 10. O-O-O Rc8 11. Kb1 Be7 12. Nd5 Nxd5 13. exd5 Bf5 14. Bd3 Bxd3 15. Qxd3 Qc7 16. Qe2 b5 17. Rd3 O-O 18. Qd2 b4 19. Rc1 e4 20. fxe4 Ne5 21. Qxb4 Nxd3 22. cxd3 Qd7 23. Rxc8 Qxc8 24. Nd4 Qg4 25. Qd2 g6 26. Nc6 Bf6 27. Bf4 Qd7 28. h3 Bd8 29. Nb8 Qc7 30. Nxa6 Qb6 31. Nb4 f5 32. e5 dxe5 33. Bxe5 Qg1+ 34. Kc2 Ba5 35. a3 f4 36. Kb3 Bxb4 37. axb4 Qa1 38. Qc2 Ra8 39. Qc6 Qd1+ 40. Kc4 Qc2+ 41. Bc3 Rd8 42. Qxg6+ Kf8 43. Qf6+ Ke8 44. Qe6+ Kf8 45. d6 1-0

[Event "EYCC Open-U16 2019"]
[Site "Bratislava"]
[Date "2019.08.05"]
[Round "4.11"]
[White "Turcan, Richard"]
[Black "Horvath, Dominik"]
[Result "0-1"]
[ECO "B47"]
[WhiteElo "2232"]
[BlackElo "2424"]
[Annotator "NA"]
[PlyCount "64"]
[EventDate "2019.08.02"]
[EventType "swiss"]
[EventCountry "SVK"]
[SourceTitle "playchess.com"]
[Source "ChessBase"]
[SourceQuality "1"]
[TimeControl "40/5400+30:1800+30"]

1. e4 c5 2. Nf3 e6 3. d4 cxd4 4. Nxd4 Nc6 5. Nc3 Qc7 6. Qd3 Nf6 7. Ndb5 Qb8 8. Qg3 d6 9. Be3 a6 10. Nd4 Bd7 11. f4 b5 12. Bd3 g6 13. Qf3 b4 14. Nce2 Bg7 15. O-O-O O-O 16. Kb1 Qc7 17. Rhg1 Nxd4 18. Nxd4 e5 19. fxe5 dxe5 20. Ne2 Bg4 21. Qf2 Qc6 22. h3 Be6 23. Qf3 a5 24. g4 Rfc8 25. g5 Nh5 26. Rgf1 a4 27. Rd2 Nf4 28. Bxf4 exf4 29. Qxf4 Qc5 30. Kc1 Bxa2 31. Kd1 Be6 32. h4 a3 0-1

[Event "EYCC Open-U16 2019"]
[Site "Bratislava"]
[Date "2019.08.05"]
[Round "4.12"]
[White "Sjoberg, Isak"]
[Black "Olsen, Filip Boe"]
[Result "1-0"]
[ECO "B53"]
[WhiteElo "2182"]
[BlackElo "2383"]
[Annotator "NA"]
[PlyCount "59"]
[EventDate "2019.08.02"]
[EventType "swiss"]
[EventCountry "SVK"]
[SourceTitle "playchess.com"]
[Source "ChessBase"]
[SourceQuality "1"]
[TimeControl "40/5400+30:1800+30"]

1. e4 c5 2. Nf3 d6 3. d4 cxd4 4. Qxd4 Nc6 5. Bb5 a6 6. Bxc6+ bxc6 7. c4 e5 8. Qd3 Qc7 9. Nc3 Nf6 10. O-O Be7 11. Rd1 O-O 12. h3 Rd8 13. Be3 h6 14. Rac1 Be6 15. Nd5 cxd5 16. cxd5 Qb7 17. dxe6 fxe6 18. Nd2 d5 19. exd5 exd5 20. Qg6 Kh8 21. Nf3 Qb8 22. Qf7 Bf8 23. Rc7 Rc8 24. Rb7 Qd6 25. Bxh6 Ne8 26. Be3 d4 27. Rd7 Qf6 28. Qh5+ Kg8 29. Ng5 Qf5 30. g4 1-0

[Event "EYCC Open-U16 2019"]
[Site "Bratislava"]
[Date "2019.08.05"]
[Round "4.16"]
[White "Suvorov, Alexander"]
[Black "Bettalli, Francesco"]
[Result "1-0"]
[ECO "A46"]
[WhiteElo "2333"]
[BlackElo "2095"]
[Annotator "NA"]
[PlyCount "47"]
[EventDate "2019.08.02"]
[EventType "swiss"]
[EventCountry "SVK"]
[SourceTitle "playchess.com"]
[Source "ChessBase"]
[SourceQuality "1"]
[TimeControl "40/5400+30:1800+30"]

1. d4 Nf6 2. Bg5 e6 3. Nf3 h6 4. Bxf6 Qxf6 5. e4 d6 6. Nc3 Nd7 7. Qd2 g6 8. O-O-O Bg7 9. Nb5 Qd8 10. Qc3 Nc5 11. e5 Na6 12. h4 O-O 13. Qa3 d5 14. Kb1 Re8 15. h5 g5 16. Nh2 f5 17. exf6 Qxf6 18. Ng4 Qe7 19. Qd3 c6 20. Qg6 cxb5 21. Nxh6+ Kf8 22. Rh3 g4 23. Nxg4 Kg8 24. Bd3 1-0

[Event "EYCC Open-U16 2019"]
[Site "Bratislava"]
[Date "2019.08.05"]
[Round "4.17"]
[White "Dudin, Gleb"]
[Black "Zetocha, Adrian"]
[Result "1-0"]
[ECO "E73"]
[WhiteElo "2283"]
[BlackElo "2193"]
[Annotator "NA"]
[PlyCount "60"]
[EventDate "2019.08.02"]
[EventType "swiss"]
[EventCountry "SVK"]
[SourceTitle "playchess.com"]
[Source "ChessBase"]
[SourceQuality "1"]
[TimeControl "40/5400+30:1800+30"]

1. d4 Nf6 2. c4 g6 3. Nc3 Bg7 4. e4 d6 5. Be2 O-O 6. Be3 e5 7. d5 Nfd7 8. g4 f5 9. gxf5 gxf5 10. exf5 Nf6 11. Bd3 Qe8 12. Nge2 e4 13. Bc2 Bxf5 14. Nd4 Bg4 15. Qd2 c5 16. Ne6 Bxe6 17. dxe6 Qxe6 18. O-O-O Na6 19. Qxd6 Qxd6 20. Rxd6 Rfe8 21. Rg1 Kf7 22. Nd5 Nxd5 23. Rxd5 Re7 24. Bxe4 Rxe4 25. Rd7+ Ke6 26. Rgxg7 Rxc4+ 27. Kb1 h5 28. Rxb7 Rd8 29. b3 Rd1+ 30. Kb2 Rh4 1-0

[Event "EYCC Open-U16 2019"]
[Site "Bratislava"]
[Date "2019.08.05"]
[Round "4.19"]
[White "Alonso Garcia, Aaron"]
[Black "Malovanyi, Yulian"]
[Result "0-1"]
[ECO "B35"]
[WhiteElo "2248"]
[BlackElo "2204"]
[Annotator "NA"]
[PlyCount "152"]
[EventDate "2019.08.02"]
[EventType "swiss"]
[EventCountry "SVK"]
[SourceTitle "playchess.com"]
[Source "ChessBase"]
[SourceQuality "1"]
[TimeControl "40/5400+30:1800+30"]

1. e4 c5 2. Nf3 Nc6 3. d4 cxd4 4. Nxd4 g6 5. Nc3 Bg7 6. Be3 Nf6 7. Bc4 O-O 8. Bb3 d6 9. f3 Qa5 10. Qd2 Nxd4 11. Bxd4 Be6 12. O-O-O b5 13. Kb1 b4 14. Ne2 Bxb3 15. cxb3 Qb5 16. g4 a5 17. h4 a4 18. bxa4 Rxa4 19. b3 Ra5 20. Rc1 Rfa8 21. Rc2 e5 22. Bf2 d5 23. g5 Nd7 24. Qxd5 Qxd5 25. exd5 Rxd5 26. Nc1 f5 27. h5 e4 28. hxg6 hxg6 29. fxe4 fxe4 30. Be3 Ne5 31. Rh4 Nf7 32. Rxe4 Nd6 33. Rxb4 Nb5 34. Rxb5 Rxb5 35. Rc4 Re5 36. Bf4 Rf5 37. Kc2 Be5 38. Be3 Rf3 39. Kd3 Bb2 40. Ke2 Rh3 41. Nd3 Re8 42. Nxb2 Rexe3+ 43. Kd2 Reg3 44. Rd4 Rh2+ 45. Kc1 Rgg2 46. Nc4 Rxa2 47. Kb1 Rag2 48. Ne3 Rg1+ 49. Nd1 Rxg5 50. Kc1 Kf7 51. b4 Ke6 52. Nc3 Rg1+ 53. Nd1 Ke5 54. Rd8 Rh4 55. Re8+ Kf6 56. Kc2 Rxb4 57. Ne3 Rh4 58. Kd3 Rg3 59. Ke2 Rh2+ 60. Kf1 Ra2 61. Re4 Kg5 62. Nc4 Rc3 63. Ne5 Rc1+ 64. Re1 Rxe1+ 65. Kxe1 Kf5 66. Nf3 Kf4 67. Nh4 g5 68. Ng6+ Ke3 69. Kf1 g4 70. Kg1 Kf3 71. Ne5+ Kg3 72. Kf1 Rf2+ 73. Ke1 Rf5 74. Nd3 Kh2 75. Nf2 Rxf2 76. Kxf2 g3+ 0-1

[Event "EYCC Open-U16 2019"]
[Site "Bratislava"]
[Date "2019.08.05"]
[Round "4.20"]
[White "Melaa, Sondre"]
[Black "Ognean, Mihnea-Ionut"]
[Result "0-1"]
[ECO "B34"]
[WhiteElo "2118"]
[BlackElo "2287"]
[Annotator "NA"]
[PlyCount "70"]
[EventDate "2019.08.02"]
[EventType "swiss"]
[EventCountry "SVK"]
[SourceTitle "playchess.com"]
[Source "ChessBase"]
[SourceQuality "1"]
[TimeControl "40/5400+30:1800+30"]

1. e4 c5 2. Nf3 Nc6 3. d4 cxd4 4. Nxd4 Nf6 5. Nc3 e5 6. Ndb5 d6 7. Nd5 Nxd5 8. exd5 Nb8 9. a4 Be7 10. Be2 O-O 11. O-O a6 12. Na3 Nd7 13. Nc4 f5 14. f4 Qc7 15. Kh1 b6 16. b4 Bb7 17. Ne3 g6 18. c4 exf4 19. Rxf4 Bf6 20. Ra2 a5 21. b5 Nc5 22. Nc2 Rae8 23. Nd4 Bc8 24. Rf1 Re4 25. Nb3 Be5 26. Nxc5 Qxc5 27. Ba3 Qc7 28. Bb2 Qg7 29. Bxe5 Qxe5 30. Bd3 Rh4 31. h3 f4 32. Re1 Qg5 33. Bf1 f3 34. gxf3 Bxh3 35. Rh2 Bxf1 0-1

[Event "EYCC Open-U16 2019"]
[Site "Bratislava"]
[Date "2019.08.06"]
[Round "5.1"]
[White "Pogosyan, Stefan"]
[Black "Barseghyan, Armen Ar."]
[Result "1/2-1/2"]
[ECO "A61"]
[WhiteElo "2334"]
[BlackElo "2313"]
[Annotator "NA"]
[PlyCount "239"]
[EventDate "2019.08.02"]
[EventType "swiss"]
[EventCountry "SVK"]
[SourceTitle "playchess.com"]
[Source "ChessBase"]
[SourceQuality "1"]
[TimeControl "40/5400+30:1800+30"]

1. d4 Nf6 2. c4 c5 3. d5 e6 4. Nc3 exd5 5. cxd5 d6 6. Nf3 g6 7. Nd2 Bg7 8. e4 O-O 9. Be2 Na6 10. O-O Ne8 11. Nc4 f5 12. Re1 Rb8 13. a4 Nb4 14. Bf3 f4 15. Bg4 Bxg4 16. Qxg4 Nd3 17. Rd1 Ne5 18. Nxe5 Bxe5 19. Ne2 Qf6 20. Ra3 Ng7 21. Rf3 h5 22. Qd7 Rf7 23. Qb5 g5 24. g3 Qg6 25. Qd3 c4 26. Qxc4 fxg3 27. Rxg3 Bxg3 28. hxg3 Qf6 29. Be3 h4 30. Qd3 Nh5 31. gxh4 gxh4 32. Kh2 Re8 33. Bd4 Qf3 34. Qxf3 Rxf3 35. Kg2 Rf7 36. f3 Nf4+ 37. Nxf4 Rxf4 38. Rh1 Rc8 39. Kf2 Rcf8 40. Ke2 Rxf3 41. Rxh4 Rg3 42. Rh8+ Kf7 43. Rh7+ Ke8 44. Rxb7 Rf4 45. Rb8+ Kd7 46. Rb7+ Kd8 47. Rb8+ Kc7 48. Re8 Kd7 49. Re6 Rh4 50. Bxa7 Rh2+ 51. Bf2 Rb3 52. Rf6 Rxb2+ 53. Kf1 Rb1+ 54. Ke2 Rb2+ 55. Kf1 Ke7 56. Rf5 Rb1+ 57. Ke2 Rb2+ 58. Kf1 Ra2 59. Kg1 Rh7 60. e5 Rg7+ 61. Kf1 dxe5 62. Rxe5+ Kd6 63. Rf5 Rxa4 64. Ke2 Ra3 65. Kf1 Rb7 66. Kg2 Rg7+ 67. Kf1 Rb7 68. Kg2 Rb2 69. Kf1 Rd2 70. Kg2 Rb3 71. Kh2 Rbb2 72. Kg1 Ra2 73. Kg2 Rxd5 74. Rxd5+ Kxd5 75. Kf3 Ke5 76. Bg3+ Kf5 77. Bc7 Ra3+ 78. Kg2 Rb3 79. Bh2 Kg4 80. Bg1 Rb2+ 81. Kh1 Kg3 82. Bc5 Rh2+ 83. Kg1 Rc2 84. Bd6+ Kf3 85. Kh1 Rc1+ 86. Kh2 Rc6 87. Bb8 Ra6 88. Be5 Ra4 89. Bd6 Rc4 90. Bb8 Rc5 91. Kh1 Rg5 92. Bc7 Rh5+ 93. Bh2 Rb5 94. Bg1 Rg5 95. Bh2 Kf2 96. Bc7 Rb5 97. Bd6 Ra5 98. Bc7 Ra6 99. Be5 Ra5 100. Bb8 Ra1+ 101. Kh2 Ra8 102. Be5 Ra4 103. Kh1 Rh4+ 104. Bh2 Rb4 105. Bd6 Rb5 106. Bc7 Rb1+ 107. Kh2 Rb7 108. Bg3+ Kf3 109. Bd6 Rh7+ 110. Kg1 Rd7 111. Bb8 Rd8 112. Bc7 Rg8+ 113. Kh1 Rh8+ 114. Bh2 Rh6 115. Kg1 Rb6 116. Kh1 Rb1+ 117. Bg1 Rb7 118. Bh2 Rb6 119. Bg1 Rb3 120. Bh2 1/2-1/2

[Event "EYCC Open-U16 2019"]
[Site "Bratislava"]
[Date "2019.08.06"]
[Round "5.2"]
[White "Sargsyan, Tigran R."]
[Black "Teclaf, Pawel"]
[Result "0-1"]
[ECO "A04"]
[WhiteElo "2314"]
[BlackElo "2454"]
[Annotator "ChessBase"]
[PlyCount "60"]
[EventDate "2019.08.02"]
[EventType "swiss"]
[EventCountry "SVK"]
[SourceTitle "playchess.com"]
[Source "ChessBase"]
[SourceQuality "1"]
[TimeControl "40/5400+30:1800+30"]

1. Nf3 c5 2. c4 b6 3. Nc3 Bb7 4. e4 e6 5. d4 cxd4 6. Nxd4 a6 7. Be3 d6 8. a4 Nf6 9. f3 Nbd7 10. Be2 Be7 11. a5 bxa5 12. Nb3 Rb8 13. Nxa5 Ba8 14. Qd2 O-O 15. O-O Ne5 16. Rfd1 h5 17. h3 Qc7 18. Ra4 Rfd8 19. Qc2 d5 20. cxd5 exd5 21. f4 Ng6 22. e5 Ne4 23. Nb3 Nc5 24. Nxc5 Bxc5 25. Qd2 d4 26. Rxd4 Rxd4 27. Bxd4 Rd8 28. Qe3 Rxd4 29. Rxd4 Qa7 30. Rd8+ Kh7 0-1

[Event "EYCC Open-U16 2019"]
[Site "Bratislava"]
[Date "2019.08.06"]
[Round "5.3"]
[White "Stefansson, Vignir Vatnar"]
[Black "Sahidi, Samir"]
[Result "0-1"]
[ECO "D45"]
[WhiteElo "2293"]
[BlackElo "2369"]
[Annotator "NA"]
[PlyCount "100"]
[EventDate "2019.08.02"]
[EventType "swiss"]
[EventCountry "SVK"]
[SourceTitle "playchess.com"]
[Source "ChessBase"]
[SourceQuality "1"]
[TimeControl "40/5400+30:1800+30"]

1. d4 Nf6 2. c4 c6 3. Nc3 d5 4. e3 e6 5. Nf3 Be7 6. Bd2 O-O 7. Bd3 Nbd7 8. O-O dxc4 9. Bxc4 b5 10. Bd3 a6 11. Ne4 c5 12. dxc5 Nxc5 13. Nxf6+ gxf6 14. Bc2 Bb7 15. Nd4 f5 16. Qh5 Ne4 17. Be1 Nf6 18. Qh3 Kh8 19. f3 Rg8 20. Rd1 Qb6 21. Bg3 Rg6 22. Kh1 Rd8 23. Bb1 Bd6 24. Bh4 Be5 25. Bf2 Rdg8 26. Rg1 Qc7 27. Bh4 Nd5 28. Rge1 Rxg2 29. Qxg2 Rxg2 30. Kxg2 f4 31. Nc2 fxe3 32. Nxe3 Nf4+ 33. Kf2 Bxb2 34. Bg3 Bc3 35. Re2 Be5 36. Ng4 Nh3+ 37. Kg2 Bxg3 38. hxg3 Ng5 39. Re3 Nxf3 40. Rxf3 Bxf3+ 41. Kxf3 Qc3+ 42. Ne3 Kg7 43. g4 a5 44. Bd3 Qf6+ 45. Ke2 b4 46. Bc2 Qb2 47. Rb1 Qxa2 48. Rb3 Qa1 49. Nc4 Qd4 50. Nxa5 Qe5+ {[%emt 0:00:09] g5} 0-1

[Event "EYCC Open-U16 2019"]
[Site "Bratislava"]
[Date "2019.08.06"]
[Round "5.4"]
[White "Globus, Or"]
[Black "De Boer, Eelke"]
[Result "1/2-1/2"]
[ECO "A49"]
[WhiteElo "2352"]
[BlackElo "2279"]
[Annotator "NA"]
[PlyCount "51"]
[EventDate "2019.08.02"]
[EventType "swiss"]
[EventCountry "SVK"]
[SourceTitle "playchess.com"]
[Source "ChessBase"]
[SourceQuality "1"]
[TimeControl "40/5400+30:1800+30"]

1. d4 Nf6 2. Nf3 g6 3. g3 Bg7 4. Bg2 O-O 5. O-O d6 6. b3 c5 7. c4 Nc6 8. Bb2 Ne4 9. e3 f5 10. Nc3 e6 11. Rc1 Qe7 12. d5 Nb4 13. Qe2 Nxc3 14. Bxc3 Bxc3 15. Rxc3 exd5 16. a3 d4 17. Rcc1 Nc6 18. Rcd1 Bd7 19. Rfe1 dxe3 20. Qxe3 Qxe3 21. Rxe3 Rf6 22. Red3 Re8 23. Rxd6 Rxd6 24. Rxd6 Re7 25. Kf1 Na5 26. Nd2 1/2-1/2

[Event "EYCC Open-U16 2019"]
[Site "Bratislava"]
[Date "2019.08.06"]
[Round "5.5"]
[White "Horvath, Dominik"]
[Black "Van Dael, Siem"]
[Result "1/2-1/2"]
[ECO "A05"]
[WhiteElo "2424"]
[BlackElo "2319"]
[Annotator "NA"]
[PlyCount "65"]
[EventDate "2019.08.02"]
[EventType "swiss"]
[EventCountry "SVK"]
[SourceTitle "playchess.com"]
[Source "ChessBase"]
[SourceQuality "1"]
[TimeControl "40/5400+30:1800+30"]

1. Nf3 Nf6 2. g3 g6 3. b3 Bg7 4. Bb2 d6 5. d4 O-O 6. Bg2 Ne4 7. Nbd2 Nxd2 8. Qxd2 c5 9. c4 Nc6 10. dxc5 Bxb2 11. Qxb2 dxc5 12. O-O Qc7 13. h3 b6 14. Rfd1 Bb7 15. Qd2 Kg7 16. Qd7 Rac8 17. Qxc7 Rxc7 18. Rd2 Rd8 19. Rad1 Rxd2 20. Rxd2 f6 21. Ne1 Ne5 22. Rd8 Nc6 23. Rd2 Ne5 24. f4 Bxg2 25. Kxg2 Rd7 26. Rxd7 Nxd7 27. Kf3 f5 28. e4 e5 29. exf5 gxf5 30. fxe5 Nxe5+ 31. Ke3 Kf6 32. Ng2 Nc6 33. Ne1 1/2-1/2